 Dungeon Crawl Stone Soup version 0.22-a0-402-ga933591 (webtiles) character file.

969 omgwth the Grappler (level 8, -11/39 HPs)
             Began as a Vine Stalker Fighter on May 6, 2018.
             Killed from afar by a slave (15 damage)
             ... with an exploding inner flame
             ... led by Pikel
             ... hexed by the player character
             ... on level 5 of the Dungeon.
             The game lasted 00:10:19 (4078 turns).

omgwth the Grappler (Vine Stalker Fighter)          Turns: 4078, Time: 00:10:20

Health: -11/39     AC:  6    Str: 23    XL:     8   Next: 16%
Magic:  0/9        EV: 14    Int: 10    God:
Gold:   131        SH:  6    Dex: 20    Spells: 7/7 levels left

rFire    + . .     SeeInvis .     - Unarmed
rCold    + + .     Gourm    .   g - +0 buckler
rNeg     . . .     Faith    .   a - +0 scale mail
rPois    +         Spirit   +   (no helmet)
rElec    +         Reflect  .   (no cloak)
rCorr    +         Harm     .   (no gloves)
MR       +....                  (no boots)
Stlth    +.........             (no amulet)
HPRegen  0.53/turn              l - ring of protection from cold
MPRegen  0.11/turn              (no ring)

@: mighty, agile, resistant, drained
A: fangs 3, regeneration 1, magic shield, antimagic bite, no potion heal 3, rot
immunity
a: no special abilities


You were on level 5 of the Dungeon.
You were hungry.

You visited 1 branch of the dungeon, and saw 5 of its levels.

You collected 131 gold pieces.

Inventory:

Armour
 a - a +0 scale mail (worn)
 b - a +1 shield
 g - a +0 buckler (worn)
Jewellery
 l - a ring of protection from cold (left hand)
Scrolls
 n - a scroll of enchant armour
 o - 3 scrolls of remove curse
 q - a scroll of magic mapping {unknown}
Potions
 c - a potion of might
 e - a potion of haste
 f - a potion of brilliance
 h - 4 potions of curing
 k - a potion of agility
Comestibles
 d - 7 rations


   Skills:
 - Level 2.6(2.2) Fighting
 - Level 2.4(1.9) Armour
 - Level 4.0(3.5) Shields
 + Level 8.8(8.3) Unarmed Combat


You had 7 spell levels left.
You didn't know any spells.

Dungeon Overview and Level Annotations

Branches:
Dungeon (5/15)
 Temple: D:4-7

Altars:
Uskayaw

Annotations:
D:5 Pikel


Innate Abilities, Weirdness & Mutations

You have razor-sharp teeth.
Your natural rate of healing is unusually fast.
When hurt, damage is shared between your health and your magic reserves.
Your bite disrupts and absorbs the magic of your enemies.
Potions cannot restore your health.
You are immune to rotting.


Message History

Pikel hits you but does no damage. The slave barely misses you.
Okay, then.
You feel agile all of a sudden. Pikel completely misses you.
The slave closely misses you.
You feel protected. Pikel closely misses you. The slave misses you.
You miss the slave. Your bite misses the slave.
The shadow imp shouts, "Scamper hence, thou baffled tardy-gaited death-token!"
Pikel hits you but does no damage. The slave closely misses you.
You barely miss the slave. Pikel hits you with a whip of flaming.
* * * LOW HITPOINT WARNING * * *
The slave barely misses you.
You hit the slave. You bite the slave! You drain its power.
You feel invigorated.
The slave is heavily wounded.
You block Pikel's attack.
You pummel the slave!!
The slave explodes!
The fiery explosion engulfs you! You resist.
You die...

##########
#######.######
######### #.#
#.).p5..# #.#
#p#####.# #.#
#5# #.# #.# #p#
###.#####.####
#.#
#..§........>#
#p#
#)#§####..###.#
#.# #.#@# #..#
#.###.#K# ...#
#.p....p# ##...
#####>.p##
#..#.
#g).)....#
#..#..
#.###...## #..#
## #.# ##.## .#
#.# ### ...
#g#### ....


You could see Pikel (inner flame) and 2 slaves.

Vanquished Creatures
  Sigmund (D:5)
  Eustachio (D:5)
  A phantom (D:4)
  The ghost of azzavlup the Grave Robber, an amateur DsNe (D:3)
  Blork the orc (D:5)
  A gnoll sergeant (D:5)
  A scorpion (D:5)
  A howler monkey (D:4)
  5 worker ants
  A hound skeleton (D:4)
  3 gnolls (D:5)
  4 adders
  3 oozes
  2 worms
  2 dart slugs
  4 leopard geckos
  7 orcs
  A giant cockroach (D:2)
  7 hobgoblins
  13 jackals
  11 kobolds
  2 quokkas
  A ball python (D:4)
  12 bats
  4 frilled lizards
  7 goblins
  A leopard gecko skeleton (D:4)
  8 rats
106 creatures vanquished.

Notes
Turn   | Place    | Note
-------+----------+-------------------------------------------
     0 | D:1      | omgwth the Vine Stalker Fighter began the quest for the Orb.
     0 | D:1      | Reached XP level 1. HP: 11/11 MP: 2/2
   308 | D:1      | Reached XP level 2. HP: 16/16 MP: 3/3
   331 | D:1      | Reached skill level 3 in Unarmed Combat
   430 | D:1      | Reached XP level 3. HP: 13/19 MP: 4/4
  1370 | D:2      | Gained mutation: Your natural rate of healing is unusually fast. [Vine Stalker growth]
  1370 | D:2      | Reached XP level 4. HP: 17/23 MP: 5/5
  1640 | D:2      | Reached skill level 4 in Unarmed Combat
  1831 | D:3      | Noticed azzavlup's ghost (amateur DsNe)
  1976 | D:3      | Killed azzavlup's ghost
  1976 | D:3      | Reached XP level 5. HP: 16/27 MP: 4/6
  1996 | D:3      | Found a hide-covered altar of Uskayaw.
  1997 | D:3      | Noticed a hand axe
  1997 | D:3      | Noticed a dagger
  2539 | D:4      | Reached skill level 5 in Unarmed Combat
  2539 | D:4      | Reached XP level 6. HP: 29/32 MP: 7/7
  2785 | D:4      | Noticed a phantom
  2818 | D:4      | Killed a phantom
  2818 | D:4      | Reached skill level 6 in Unarmed Combat
  3030 | D:4      | Reached XP level 7. HP: 35/35 MP: 8/8
  3390 | D:5      | Entered Level 5 of the Dungeon
  3458 | D:5      | Noticed Sigmund
  3474 | D:5      | Killed Sigmund
  3474 | D:5      | Reached skill level 7 in Unarmed Combat
  3616 | D:5      | Noticed Eustachio
  3662 | D:5      | Killed Eustachio
  3662 | D:5      | Reached skill level 8 in Unarmed Combat
  3756 | D:5      | Noticed Blork the orc
  3766 | D:5      | Killed Blork the orc
  3766 | D:5      | Gained mutation: You have razor-sharp teeth. [Vine Stalker growth]
  3766 | D:5      | Reached XP level 8. HP: 22/39 MP: 6/9
  3986 | D:5      | Noticed Pikel
  4067 | D:5      | HP: 1/39 [slave[Pikel] (3)]
  4078 | D:5      | Killed from afar by a slave

Vault maps used:
D:1:      giann_wishing_wells, st_stairs_4
D:2:      supply_closet_lemuel
D:3:      dancing_weapons_uskayaw
D:4:      first_ration, minivault_23
D:5:      tgw_trog, uniq_sigmund, uniq_pikel, uniq_blork_the_orc, uniq_eustachio

Skill      XL: |  1  2  3  4  5  6  7 |
---------------+----------------------+-----
Unarmed Combat | 3 4 5 6 8 |  8.8
Shields        | 3 4 |  4.0
Fighting       | |  2.6
Armour         | |  2.4

Action                   |  1- 3 |  4- 6 |  7- 9 || total
-------------------------+-------+-------+-------++-------
Melee: Unarmed           |   141 |   221 |    85 ||   447
       Bite              |    33 |    53 |    29 ||   115
  Use: Scroll            |     2 |     6 |     3 ||    11
       Potion            |       |       |     6 ||     6
  Eat: Chunk             |     2 |     5 |     3 ||    10
Armor: Scale mail        |    61 |    73 |    19 ||   153
Dodge: Dodged            |    54 |    57 |    29 ||   140
Block: Buckler           |    17 |    44 |     9 ||    70

Table legend:
 A = Spawn XP
 B = Non-spawn XP
 C = Spawn XP percentage of total XP
 D = Spawn monster count
 E = Non-spawn monster count
 F = Spawn count percentage of total count
 G = Total turns spent on level
                    A         B        C        D         E        F      G
               +---------+---------+-------+---------+---------+-------+---------
         Total |       0 |    1385 |   0.0 |       0 |     106 |   0.0 |  4078
               +---------+---------+-------+---------+---------+-------+---------
           D:1 |       0 |      47 |   0.0 |       0 |      26 |   0.0 |   830
           D:2 |       0 |      63 |   0.0 |       0 |      28 |   0.0 |  1084
           D:3 |       0 |     169 |   0.0 |       0 |      26 |   0.0 |   597
           D:4 |       0 |     382 |   0.0 |       0 |      17 |   0.0 |   879
           D:5 |       0 |     724 |   0.0 |       0 |       9 |   0.0 |   688
               +---------+---------+-------+---------+---------+-------+---------
